MWL (24 & UNDER)
BEMIDJI BENDERS @ MINNESOTA DEATH STARS
08/22/2026
 
TOP OF THE 1ST
Bemidji Benders batting - Pitching for Minnesota Death Stars : RHP Howard Jewel
Pitching: RHP Howard Jewel
Batting: LHB Bruce Foster 0-0: Ball
1-0: Swinging Strike
1-1: Foul Ball, location: 2F
1-2: Ball
2-2: SINGLE (Groundball, 56D)
Batting: SHB Dave Henley 0-0: Ball
1-0: Called Strike
1-1: Fielders Choice at 2nd, 4-6 (Groundball, 4)
Batting: LHB Todd Anderson 0-0: Foul Ball, location: 2F
0-1: 2-RUN HOME RUN (Flyball, 9D), Distance : 388 ft
Batting: SHB Conan Hanson 0-0: Ball
1-0: Ball
2-0: Ball
3-0: Base on Balls
Batting: LHB Jesús Raugel 0-0: Ball
1-0: Foul Ball, location: 2F
1-1: Ground out 4-3 (Groundball, 4M)
Conan Hanson to second
Batting: RHB Bob Carr 0-0: Ball
1-0: Ball
2-0: Fly out, F9 (Flyball, 9S)
Top of the 1st over - 2 run(s), 2 hit(s), 0 error(s), 1 left on base; Bemidji 2 - Minnesota 0
BOTTOM OF THE 1ST
Minnesota Death Stars batting - Pitching for Bemidji Benders : LHP Justin Short
Pitching: LHP Justin Short
Batting: RHB Abraham Hardy 0-0: Ground out 6-3 (Groundball, 56)
Batting: RHB Kel Weeks 0-0: Foul Ball, location: 2F
0-1: Ball
1-1: Ball
2-1: Swinging Strike
2-2: Ball
3-2: Base on Balls
Batting: RHB Gabriel Ángel 0-0: Called Strike
0-1: Ball
1-1: Ball
2-1: Called Strike
2-2: Ball
3-2: Base on Balls
Kel Weeks to second
Batting: LHB Zack Payton 0-0: Called Strike
0-1: Called Strike
0-2: Foul Ball, location: 2F
0-2: Ball
1-2: Ball
2-2: Ball
3-2: Foul Ball, location: 2F
3-2: Fielders Choice at 2nd, 3-6 (Groundball, 3)
Kel Weeks to third
Batting: SHB Javier Jiménez 0-0: Foul Ball, location: 2F
0-1: Foul Ball, location: 2F
0-2: Strikes out swinging
Bottom of the 1st over - 0 run(s), 0 hit(s), 0 error(s), 2 left on base; Bemidji 2 - Minnesota 0
TOP OF THE 2ND
Bemidji Benders batting - Pitching for Minnesota Death Stars : RHP Howard Jewel
Batting: RHB Aaron Washington 0-0: Called Strike
0-1: SINGLE (Groundball, 56D)
Batting: LHB Carlos De La Rosa 0-0: Called Strike
0-1: Called Strike
0-2: Ball
1-2: Ball
2-2: Strikes out swinging
Batting: RHB Roberto Solís 0-0: Ball
1-0: Called Strike
1-1: Foul Ball, location: 2F
1-2: Strikes out swinging
Batting: LHB Bruce Foster 0-0: Ground out 1-3 (Groundball, 23)
Top of the 2nd over - 0 run(s), 1 hit(s), 0 error(s), 1 left on base; Bemidji 2 - Minnesota 0
BOTTOM OF THE 2ND
Minnesota Death Stars batting - Pitching for Bemidji Benders : LHP Justin Short
Batting: RHB Mario Solís 0-0: Ball
1-0: Ball
2-0: Called Strike
2-1: Foul Ball, location: 2F
2-2: Foul Ball, location: 2F
2-2: Strikes out swinging
Batting: RHB Pat Bray 0-0: Ball
1-0: Foul Ball, location: 2F
1-1: Swinging Strike
1-2: Foul Ball, location: 2F
1-2: Foul Ball, location: 2F
1-2: Strikes out looking
Batting: RHB Ramão Almana 0-0: Ball
1-0: Ball
2-0: Foul Ball, location: 2F
2-1: Swinging Strike
2-2: Ball
3-2: Strikes out swinging
Bottom of the 2nd over - 0 run(s), 0 hit(s), 0 error(s), 0 left on base; Bemidji 2 - Minnesota 0
TOP OF THE 3RD
Bemidji Benders batting - Pitching for Minnesota Death Stars : RHP Howard Jewel
Batting: SHB Dave Henley 0-0: Called Strike
0-1: SINGLE (Line Drive, 6MD)
Batting: LHB Todd Anderson 0-0: Ball
Wild Pitch!
Dave Henley to second
1-0: Ground out 1-3 (Groundball, 15S)
Batting: SHB Conan Hanson 0-0: Ball
1-0: Ball
2-0: Ball
3-0: Base on Balls
Batting: LHB Jesús Raugel 0-0: Called Strike
0-1: Ball
1-1: Foul Ball, location: 2F
1-2: Ball
2-2: DOUBLE (Flyball, 7LS)
Dave Henley scores
Conan Hanson to third
Batting: RHB Bob Carr 0-0: Ball
1-0: Swinging Strike
1-1: Ball
2-1: Swinging Strike
2-2: Fly out, F8 (Flyball, 8RM)
Runner from 3rd tags up, SCORES, no throw
Batting: RHB Aaron Washington 0-0: Called Strike
0-1: Ball
1-1: Ball
2-1: DOUBLE (Line Drive, 9LS)
Jesús Raugel scores
Batting: LHB Carlos De La Rosa 0-0: DOUBLE (Line Drive, 9LM)
Aaron Washington scores
Batting: RHB Roberto Solís 0-0: Ball
1-0: Ball
2-0: Ball
3-0: Called Strike
3-1: Base on Balls
Batting: LHB Bruce Foster 0-0: Ball
1-0: SINGLE (Flyball, 7S)
Carlos De La Rosa to third
Roberto Solís to second
Runner from 3rd tries for Home, throw and OUT!
Top of the 3rd over - 4 run(s), 5 hit(s), 0 error(s), 2 left on base; Bemidji 6 - Minnesota 0
BOTTOM OF THE 3RD
Minnesota Death Stars batting - Pitching for Bemidji Benders : LHP Justin Short
Batting: RHB Raúl Flores 0-0: Ball
1-0: Foul Ball, location: 2F
1-1: Foul Ball, location: 2F
1-2: Strikes out looking
Batting: RHB Abraham Hardy 0-0: Called Strike
0-1: Foul Ball, location: 2F
0-2: Foul Ball, location: 2F
0-2: Ball
1-2: Ball
2-2: Strikes out swinging
Batting: RHB Kel Weeks 0-0: Ground out 4-3 (Groundball, 4)
Bottom of the 3rd over - 0 run(s), 0 hit(s), 0 error(s), 0 left on base; Bemidji 6 - Minnesota 0
TOP OF THE 4TH
Bemidji Benders batting - Pitching for Minnesota Death Stars : RHP Howard Jewel
Batting: SHB Dave Henley 0-0: Swinging Strike
0-1: Ball
1-1: Ground out 2-3 (Groundball, 25)
Batting: LHB Todd Anderson 0-0: Ball
1-0: Foul Ball, location: 2F
1-1: Ball
2-1: Ball
3-1: Base on Balls
Batting: SHB Conan Hanson 0-0: Ball
1-0: Fly out, F7 (Flyball, 7LM)
Batting: LHB Jesús Raugel 0-0: Called Strike
0-1: Foul Ball, location: 2F
0-2: Foul Ball, location: 2F
0-2: Strikes out swinging
Top of the 4th over - 0 run(s), 0 hit(s), 0 error(s), 1 left on base; Bemidji 6 - Minnesota 0
BOTTOM OF THE 4TH
Minnesota Death Stars batting - Pitching for Bemidji Benders : LHP Justin Short
Batting: RHB Gabriel Ángel 0-0: Called Strike
0-1: Ball
1-1: Swinging Strike
1-2: Strikes out swinging
Batting: LHB Zack Payton 0-0: Ball
1-0: Ball
2-0: Called Strike
2-1: Swinging Strike
2-2: Ball
3-2: Ground out 6-3 (Groundball, 6MS)
Batting: SHB Javier Jiménez 0-0: Called Strike
0-1: Ball
1-1: Hit by Pitch
Batting: RHB Mario Solís 0-0: Ball
1-0: Called Strike
1-1: Foul Ball, location: 2F
1-2: Strikes out swinging
Bottom of the 4th over - 0 run(s), 0 hit(s), 0 error(s), 1 left on base; Bemidji 6 - Minnesota 0
TOP OF THE 5TH
Bemidji Benders batting - Pitching for Minnesota Death Stars : RHP Howard Jewel
Batting: RHB Bob Carr 0-0: Hit by Pitch
Batting: RHB Aaron Washington 0-0: Called Strike
0-1: Ball
1-1: Ball
2-1: Ball
3-1: Foul Ball, location: 2F
3-2: Ground out 6-3 (Groundball, 56)
Bob Carr to second
Batting: LHB Carlos De La Rosa 0-0: SINGLE (Line Drive, 9S)
Bob Carr to third
Batting: RHB Roberto Solís 0-0: Swinging Strike
0-1: Ball
1-1: Called Strike
1-2: Strikes out swinging
Pitching: LHP Kurt Brown
Batting: LHB Bruce Foster 0-0: Swinging Strike
0-1: Foul Ball, location: 2F
0-2: Ball
1-2: Fly out, F8 (Flyball, 8LD)
Top of the 5th over - 0 run(s), 1 hit(s), 0 error(s), 2 left on base; Bemidji 6 - Minnesota 0
BOTTOM OF THE 5TH
Minnesota Death Stars batting - Pitching for Bemidji Benders : LHP Justin Short
Batting: RHB Pat Bray 0-0: Ground out 1-3 (Groundball, 13)
Batting: RHB Ramão Almana 0-0: Swinging Strike
0-1: Swinging Strike
0-2: Ball
1-2: Ball
2-2: Strikes out swinging
Batting: RHB Raúl Flores 0-0: Ball
1-0: Called Strike
1-1: Ball
2-1: Ball
3-1: Base on Balls
Batting: RHB Abraham Hardy 0-0: Called Strike
0-1: Fly out, F3 (Popup, 3F)
Bottom of the 5th over - 0 run(s), 0 hit(s), 0 error(s), 1 left on base; Bemidji 6 - Minnesota 0
TOP OF THE 6TH
Bemidji Benders batting - Pitching for Minnesota Death Stars : LHP Kurt Brown
Batting: SHB Dave Henley 0-0: Ball
1-0: Ball
2-0: Called Strike
2-1: Ball
3-1: Foul Ball, location: 2F
3-2: Base on Balls
Batting: LHB Todd Anderson 0-0: Called Strike
0-1: Swinging Strike
0-2: Ball
1-2: Foul Ball, location: 2F
1-2: Foul Ball, location: 2F
1-2: Foul Ball, location: 2F
1-2: Foul Ball, location: 2F
1-2: Ball
2-2: Ball
3-2: Fly out, F4 (Line Drive, 4MD)
3-2: Lined into DP, 4-3 (Line Drive, 4MD)
Batting: SHB Conan Hanson 0-0: Called Strike
0-1: Foul Ball, location: 2F
0-2: Strikes out swinging
Top of the 6th over - 0 run(s), 0 hit(s), 0 error(s), 0 left on base; Bemidji 6 - Minnesota 0
BOTTOM OF THE 6TH
Minnesota Death Stars batting - Pitching for Bemidji Benders : LHP Justin Short
Batting: RHB Kel Weeks 0-0: Called Strike
0-1: Called Strike
0-2: Ball
1-2: Strikes out swinging
Batting: RHB Gabriel Ángel 0-0: Called Strike
0-1: Swinging Strike
0-2: Ball
1-2: Ball
2-2: Ball
3-2: Strikes out swinging
Batting: LHB Zack Payton 0-0: Ball
1-0: Ground out 3-1 (Groundball, 34)
Bottom of the 6th over - 0 run(s), 0 hit(s), 0 error(s), 0 left on base; Bemidji 6 - Minnesota 0
TOP OF THE 7TH
Bemidji Benders batting - Pitching for Minnesota Death Stars : LHP Kurt Brown
Batting: LHB Jesús Raugel 0-0: Called Strike
0-1: Ball
1-1: Foul Ball, location: 2F
1-2: Strikes out swinging
Batting: RHB Bob Carr 0-0: SINGLE (Groundball, 56)
Batting: RHB Aaron Washington 0-0: Called Strike
0-1: Fly out, F3 (Line Drive, 3L)
Batting: LHB Carlos De La Rosa 0-0: Called Strike
0-1: Called Strike
Bob Carr is caught stealing 2nd base
Top of the 7th over - 0 run(s), 1 hit(s), 0 error(s), 0 left on base; Bemidji 6 - Minnesota 0
BOTTOM OF THE 7TH
Minnesota Death Stars batting - Pitching for Bemidji Benders : LHP Justin Short
Batting: SHB Javier Jiménez 0-0: Called Strike
0-1: Ball
1-1: Ball
2-1: Ball
3-1: Base on Balls
Batting: RHB Mario Solís 0-0: Fly out, F7 (Line Drive, 7M)
Batting: RHB Pat Bray 0-0: Called Strike
0-1: Grounds into double play, 6-4-3 (Groundball, 6)
Bottom of the 7th over - 0 run(s), 0 hit(s), 0 error(s), 0 left on base; Bemidji 6 - Minnesota 0
TOP OF THE 8TH
Bemidji Benders batting - Pitching for Minnesota Death Stars : LHP Kurt Brown
Batting: LHB Carlos De La Rosa 0-0: Ball
1-0: Ball
2-0: Called Strike
2-1: Ball
3-1: Called Strike
3-2: Foul Ball, location: 2F
3-2: Foul Ball, location: 2F
3-2: Base on Balls
Pitching: RHP Jorge Madrigal
Batting: RHB Roberto Solís 0-0: Ball
1-0: Called Strike
1-1: Called Strike
1-2: Strikes out swinging
Batting: LHB Bruce Foster 0-0: Ball
1-0: Ball
2-0: Called Strike
2-1: Foul Ball, location: 2F
2-2: SINGLE (Line Drive, 4M)
Carlos De La Rosa to second
Batting: SHB Dave Henley 0-0: Called Strike
0-1: Ball
1-1: Ball
2-1: Swinging Strike
2-2: Ball
3-2: Foul Ball, location: 2F
3-2: Foul Ball, location: 2F
3-2: Grounds into double play, 6-4-3 (Groundball, 6)
Top of the 8th over - 0 run(s), 1 hit(s), 0 error(s), 1 left on base; Bemidji 6 - Minnesota 0
BOTTOM OF THE 8TH
Minnesota Death Stars batting - Pitching for Bemidji Benders : LHP Justin Short
Batting: RHB Ramão Almana 0-0: Called Strike
0-1: Called Strike
0-2: Ball
1-2: Strikes out looking
Batting: RHB Raúl Flores 0-0: Ball
1-0: Ball
2-0: Ball
3-0: Called Strike
3-1: Foul Ball, location: 2F
3-2: Base on Balls
Pitching: LHP Pedro González
Batting: RHB Abraham Hardy 0-0: Called Strike
0-1: Swinging Strike
0-2: Strikes out swinging
Batting: RHB Kel Weeks 0-0: Fielders Choice at 2nd, U6 (Groundball, 6M)
Bottom of the 8th over - 0 run(s), 0 hit(s), 0 error(s), 1 left on base; Bemidji 6 - Minnesota 0
TOP OF THE 9TH
Bemidji Benders batting - Pitching for Minnesota Death Stars : RHP Jorge Madrigal
Batting: LHB Todd Anderson 0-0: Called Strike
0-1: Ball
1-1: Swinging Strike
1-2: Strikes out looking
Batting: SHB Conan Hanson 0-0: Ball
1-0: Ball
2-0: Called Strike
2-1: Ball
3-1: SINGLE (Line Drive, 56)
Batting: LHB Jesús Raugel 0-0: Swinging Strike
0-1: DOUBLE (Groundball, 3L)
Conan Hanson to third
Batting: RHB Bob Carr 0-0: SINGLE (Flyball, 89S)
Conan Hanson scores
Jesús Raugel to third
Runner from 3rd tries for Home, SAFE, no throw or cutoff
Batting: RHB Aaron Washington 0-0: 2-RUN HOME RUN (Line Drive, 7D), Distance : 377 ft
Pitching: RHP Arthur Melton
Batting: LHB Carlos De La Rosa 0-0: SINGLE (Line Drive, 56D)
Batting: RHB Roberto Solís 0-0: Ball
1-0: Ball
2-0: Ball
3-0: Called Strike
3-1: Foul Ball, location: 2F
3-2: Strikes out swinging
Batting: LHB Bruce Foster 0-0: Foul Ball, location: 2F
0-1: Ball
1-1: SINGLE (Groundball, 56)
Carlos De La Rosa to second
Batting: SHB Dave Henley 0-0: Called Strike
0-1: Swinging Strike
0-2: Strikes out swinging
Top of the 9th over - 4 run(s), 6 hit(s), 0 error(s), 2 left on base; Bemidji 10 - Minnesota 0
BOTTOM OF THE 9TH
Minnesota Death Stars batting - Pitching for Bemidji Benders : LHP Pedro González
Now in RF: Simão Polido
Batting: RHB Gabriel Ángel 0-0: Ball
1-0: Ground out 5-3 (Groundball, 56S)
Batting: LHB Zack Payton 0-0: Ball
1-0: Ball
2-0: Ball
3-0: Base on Balls
Batting: SHB Javier Jiménez 0-0: Called Strike
0-1: Called Strike
0-2: Ball
1-2: Ball
2-2: Foul Ball, location: 2F
2-2: Ball
3-2: Foul Ball, location: 2F
3-2: Base on Balls
Zack Payton to second
Batting: RHB Mario Solís 0-0: Ball
1-0: Ball
2-0: Ball
3-0: Base on Balls
Zack Payton to third
Javier Jiménez to second
Batting: RHB Pat Bray 0-0: Ball
1-0: SINGLE (Flyball, 6MD)
Zack Payton scores
Javier Jiménez to third
Mario Solís to second
Batting: RHB Ramão Almana 0-0: Foul Ball, location: 2F
0-1: Called Strike
0-2: Ball
1-2: Grounds into double play, 6-4-3 (Groundball, 6)
Bottom of the 9th over - 1 run(s), 1 hit(s), 0 error(s), 2 left on base; Bemidji 10 - Minnesota 1
Monday, December 5th, 2016 - OOTP Baseball 17.12 Build 75